 Dungeon Crawl Stone Soup version 0.29.1-1-gd02db6906a (webtiles) character file.

Game seed: 12257700117592326230

79 Earthwalker the Trooper (level 4, -4/40 HPs)
             Began as a Minotaur Fighter on Oct 14, 2022.
             Slain by an orc wizard
             ... wielding a +2 dagger of electrocution
              (8 damage)
             ... on level 3 of the Dungeon.
             The game lasted 00:04:26 (2676 turns).

Earthwalker the Trooper (Minotaur Fighter)          Turns: 2676, Time: 00:04:27

Health: -4/40      AC:  7    Str: 23    XL:     4   Next: 16%
Magic:  3/3        EV: 10    Int:  5    God:
Gold:   178        SH:  4    Dex:  9    Spells: 3/3 levels left

rFire   . . .      SeeInvis .   a - +0 war axe
rCold   . . .      Faith    .   c - +0 buckler
rNeg    . . .      Spirit   .   b - +0 scale mail
rPois   .          Reflect  .   (helmet restricted)
rElec   .          Harm     .   (no cloak)
rCorr   .          Rampage  .   (no gloves)
Will    .....                   (no boots)
Stlth   ..........              (no amulet)
HPRegen 0.13/turn               (no ring)
MPRegen 0.08/turn               (no ring)

@: no status effects
A: horns 2, retaliatory headbutt
a: no special abilities


You were on level 3 of the Dungeon.
You visited 1 branch of the dungeon, and saw 3 of its levels.

You collected 178 gold pieces.

Inventory:

Hand Weapons
 a - a +0 war axe (weapon)
Missiles
 j - 10 poisoned darts (quivered)
Armour
 b - a +0 scale mail (worn)
 c - a +0 buckler (worn)
Jewellery
 k - an amulet of reflection
Scrolls
 e - 2 scrolls of teleportation {unknown}
 f - 2 scrolls of torment {unknown}
 i - a scroll of identify {unknown}
 m - a scroll of amnesia {unknown}
 n - 2 scrolls of immolation {unknown}
 q - a scroll of vulnerability {unknown}
 r - a scroll of enchant weapon {unknown}
Potions
 d - a potion of might
 g - a potion of heal wounds {unknown}
 h - 4 potions of mutation {unknown}
 l - a potion of haste {unknown}
 o - a potion of brilliance {unknown}
 p - a potion of curing {unknown}


   Skills:
 * Level 4.2 Fighting
 * Level 3.1 Axes
 * Level 4.1 Armour
 * Level 1.7 Dodging
 * Level 4.2 Shields


You had 3 spell levels left.
You didn't know any spells.
Your spell library contained the following spells:

 Spells                   Type           Power      Damage    Failure   Level
 Gell's Gravitas          Tloc           0%         N/A       99%         3
 Lesser Beckoning         Tloc           0%         N/A       99%         3
 Ozocubu's Armour         Ice            0%         N/A       99%         3
 Teleport Other           Tloc           0%         N/A       99%         3
 Tukima's Dance           Hex            0%         N/A       99%         3
 Passage of Golubria      Tloc           0%         N/A       100%        4
 Yara's Violent Unravell  Hex/Tmut       0%         3d3       100%        5
 Ozocubu's Refrigeration  Ice            0%         4d7       100%        7


Dungeon Overview and Level Annotations

Branches:
Dungeon (3/15)

Altars:

Shops:
D:3 *


Innate Abilities, Weirdness & Mutations

You have a pair of horns on your head.
You reflexively headbutt those who attack you in melee.


Message History

You hit the orc. You headbutt the orc.
You kill the orc!
The orc wizard mumbles some strange words.
The orc wizard flickers and vanishes!
Deactivating autopickup; reactivate with Ctrl-A.
The orc misses you. You furiously retaliate!
You headbutt the orc, but do no damage. You hit the orc.
The orc is severely wounded.
You barely miss the orc. The orc misses you.
You barely miss the orc.
The orc is severely wounded.
You barely miss something. The orc barely misses you. Something hits you.
The orc barely misses you. The orc hits you with a +0 dagger.
You closely miss the orc. You headbutt the orc.
You kill the orc!
You barely miss the orc. You closely miss something.
The orc hits you but does no damage. Something hits you but does no damage.
You block the orc's attack. Something hits you.
Things that are here:
a +0 dagger; an orc corpse; a frilled lizard corpse You barely miss the orc.
You barely miss something. You barely miss the worm.
You block the orc's attack. Something hits you but does no damage.
The worm bites you.
You barely miss something. You hit the orc. You hit the worm but do no damage.
The orc closely misses you. Something hits you but does no damage.
Something hits you. The orc misses you. The worm bites you but does no damage.
You closely miss something. You slash the worm! You hit the orc.
The orc hits you with a +0 hand axe. Something hits you but does no damage.
The worm closely misses you.
You miss something. You hit the orc.
You kill the orc!
You completely miss the worm. Something hits you.
You are electrocuted!
* * * LOW HITPOINT WARNING * * *
You slash the worm!
The worm is almost dead.
You closely miss something. Something completely misses you.
You block the worm's attack. Something hits you but does no damage.
You are electrocuted!
You die...

#### ....##
######..#########
.......)........+
.......@...#####
.......{w#.)...##
.........#####..#
.........#
##.######
.....$...#
#.....)###
.........#
######.#..
.........# #.#.(
.........# #.'..
###).


You could see a worm.

Vanquished Creatures
  An adder (D:2)
  A worm (D:2)
  7 orcs (D:3)
  6 endoplasms
  5 giant cockroaches (D:1)
  2 goblins (D:2)
  5 hobgoblins
  4 jackals (D:1)
  A quokka (D:2)
  3 ball pythons (D:1)
  3 bats
  8 frilled lizards
  4 kobolds
  8 rats
58 creatures vanquished.

Notes
Turn   | Place    | Note
-------+----------+-------------------------------------------
     0 | D:1      | Earthwalker the Minotaur Fighter began the quest for the
                  | Orb.
     0 | D:1      | Reached XP level 1. HP: 19/19 MP: 0/0
   197 | D:1      | Reached XP level 2. HP: 27/27 MP: 1/1
   423 | D:1      | Reached skill level 1 in Dodging
   818 | D:1      | Found a faded altar of an unknown god.
   897 | D:1      | Reached XP level 3. HP: 33/33 MP: 2/2
  2427 | D:3      | Found Fucexkep's General Store.
  2630 | D:3      | Identified the +2 hand axe of the Traitor {vorpal, rElec
                  | rF- rCorr Str-2}
  2653 | D:3      | Reached XP level 4. HP: 40/40 MP: 3/3
  2676 | D:3      | Slain by an orc wizard

Illustrated notes

Levels and vault maps discovered:
D:1:      wheals_arrival_shading, layout_basic,
          dreamdust_ecumenical_altar_grove, minmay_unequal
D:2:      layout_basic
D:3:      layout_basic, serial_shops, shop

Skill      XL: |  1  2  3 |
---------------+----------+-----
Dodging        | 1 |  1.7
Shields        | 4 |  4.2
Fighting       | 4 |  4.2
Armour         | 4 |  4.1
Axes           | 3 |  3.1

Action                   |  1- 3 |  4- 6 || total
-------------------------+-------+-------++-------
Melee: War axe           |   107 |    14 ||   121
       Headbutt          |     8 |     4 ||    12
  Use: Scroll            |     2 |       ||     2
Armor: Scale mail        |    54 |     7 ||    61
Dodge: Dodged            |    47 |     9 ||    56
Block: Buckler           |    23 |     4 ||    27
